 Dungeon Crawl Stone Soup version 0.31.0-12-g77e489cdc1 (webtiles) character file.

Game seed: 3060069411354783007

699759 RepoMan the Sorcerer (level 27, -34/233 HPs)
             Began as a Barachi Ice Elementalist on Feb 9, 2024.
             Was a High Priest of Cheibriados.
             Annihilated by a large abomination (76 damage)
             ... summoned by Mnoleg
             ... in Pandemonium on Feb 13, 2024.
             The game lasted 09:04:03 (76379 turns).

RepoMan the Sorcerer (Barachi Ice Elementalist)    Turns: 76379, Time: 09:04:04

Health: -34/233    AC: 14    Str: 28    XL:     27
Magic:  1/50       EV: 33    Int: 38    God:    Cheibriados [*****.]
Gold:   5728       SH:  0    Dex: 31    Spells: 4/73 levels left

rFire   + + +        T - +8 quarterstaff of Death's Door {freeze, rElec rF++}
rCold   + + .        (shield currently unavailable)
rNeg    + + .        s - quicksilver dragon scales
rPois   +            X - +0 hat {Will+}
rElec   +            B - scarf "Wumniyb" {rC+ rF+, Will+ Dex+2}
rCorr   .            w - +2 pair of gloves {Str+3}
SInv    .            Q - +0 pair of boots "Fuyshruol" {rF++ Stlth+}
Will    +++++        E - amulet of magic regeneration
Stlth   ++++         S - ring of poison resistance
HPRegen 0.58/turn    J - ring of Seloawk {Ice rElec rN++}
MPRegen 0.72/turn

%: no passive effects
@: unable to hop, on blink cooldown, fragile (+50% incoming damage), studying 2
skills, very slow
A: amphibious, slowness 1, strong legs 2, +LOS, deformed body, dopey 1
}: 4/15 runes: decaying, serpentine, slimy, silver
a: Hop, Renounce Religion, Bend Time, Temporal Distortion, Slouch, Step From
Time


You were in Pandemonium.
You worshipped Cheibriados.
Cheibriados was extremely pleased with you.
You visited 12 branches of the dungeon, and saw 55 of its levels.
You visited Pandemonium 1 time, and saw 4 of its levels.
You visited 2 bazaars.
You visited 1 ziggurat, and saw 7 of its levels.
You also visited: Gauntlet and Desolation.

You collected 9991 gold pieces.
You spent 4263 gold pieces at shops.

Inventory:

Hand Weapons
 v - the +8 trident of the Octopus King {venom, rElec rPois}
   (You found it on level 5 of the Pits of Slime)

   rElec:     It insulates you from electricity.
   rPois:     It protects you from poison
 T - the +8 quarterstaff of Death's Door (weapon) {freeze, rElec rF++}
   (You found it on level 5 of the Lair of Beasts)

   rF++:      It greatly protects you from fire.
   rElec:     It insulates you from electricity.
Missiles
 m - 24 curare-tipped darts
 L - 3 throwing nets
Armour
 e - a +2 tower shield of protection
 f - a +1 cloak of preservation
 q - the +4 dragonskin cloak
   (You took it off Tiamat on level 1 of the Realm of Zot)

   Avatar's Aegis: It grants the wearer a chance to resist fire, cold, poison,
   electricity, acid, and negative energy.
 s - quicksilver dragon scales (worn)
 w - a +2 pair of gloves of strength (worn)
 B - the scarf "Wumniyb" (worn) {rC+ rF+, Will+ Dex+2}
   (You bought it in a shop in a bazaar)

   Dex+2:     It affects your dexterity (+2).
   Will+:     It increases your willpower.
 F - the +3 pair of mountain boots {steadfast, rC+}
   (You found it on level 5 of the Vaults)

   Steadfast: It prevents involuntary movement, except for blinking,
   teleportation, or banishment.
   rC+:       It protects you from cold.
 Q - the +0 pair of boots "Fuyshruol" (worn) {rF++ Stlth+}
   (You found it on level 1 of the Lair of Beasts)

   rF++:      It greatly protects you from fire.
   Stlth+:    It makes you more stealthy.
 U - an orb of energy
 X - a +0 hat of willpower (worn)
Magical Staves
 H - the staff of the Charming Seeker {rF- rC+ Str-4 Int+8 Ice Air}
   (You took it off Josephina on level 3 of the Depths)

   [staff of cold]

   Base accuracy: +5 Base damage: 5 Base attack delay: 1.2 This weapon's minimum
   attack delay (0.6) is reached at skill level 12.
   Str-4:     It affects your strength (-4).
   Int+8:     It affects your intelligence (+8).
   rF-:       It makes you vulnerable to fire.
   rC+:       It protects you from cold.
   Ice:       It increases the power of your Ice spells.
   Air:       It increases the power of your Air spells.
   It falls into the 'Staves' category.
   It is a one-handed weapon.
Jewellery
 g - the ring of Furexex {+Blink rElec Dex-2 SInv}
   (You found it in a Gauntlet)

   [ring of see invisible]

   Dex-2:     It affects your dexterity (-2).
   rElec:     It insulates you from electricity.
   SInv:      It lets you see invisible.
   +Blink:    It lets you blink.
 i - the ring "Ruextorcher" {Ice rElec}
   (You found it on level 2 of a ziggurat)

   [ring of ice]

   Ice:       It enhances your ice magic.
   rF-:       It makes you vulnerable to fire.
   rC+:       It protects you from cold.
   rElec:     It insulates you from electricity.
 z - the ring "Boqoyck" {rF+ Int+5}
   (You found it on level 5 of the Vaults)

   [ring of protection from fire]

   Int+5:     It affects your intelligence (+5).
   rF+:       It protects you from fire.
 A - the ring of Getubbaof {AC+4 Str+6}
   (You found it on level 5 of the Vaults)

   [ring of protection]

   AC+4:      It affects your AC (+4).
   Str+6:     It affects your strength (+6).
 E - an amulet of magic regeneration (around neck)
 J - the ring of Seloawk (right hand) {Ice rElec rN++}
   (You took it off an ironbound convoker in the Desolation of Salt)

   [ring of ice]

   Ice:       It enhances your ice magic.
   rF-:       It makes you vulnerable to fire.
   rC+:       It protects you from cold.
   rElec:     It insulates you from electricity.
   rN++:      It greatly protects you from negative energy.
 S - a ring of poison resistance (left hand)
 V - the ring "Daroute" {Fly rF+ rCorr Str+2 Stlth-}
   (You took it off an ironbound preserver on level 2 of the Vaults)

   [ring of flight]

   Str+2:     It affects your strength (+2).
   rF+:       It protects you from fire.
   Fly:       It grants you flight.
   rCorr:     It protects you from acid and corrosion.
   Stlth-:    It makes you less stealthy.
Talismans
 a - a talisman of death
Wands
 u - a wand of paralysis (65)
 y - a wand of acid (13)
 K - a wand of digging (15)
 M - a wand of flame (186)
 O - a wand of iceblast (41)
Scrolls
 c - 7 scrolls of enchant armour
 d - 5 scrolls of immolation
 j - 10 scrolls of teleportation
 l - 11 scrolls of fog
 n - 11 scrolls of vulnerability
 G - a scroll of summoning
 N - 5 scrolls of poison
 R - 3 scrolls of revelation
Potions
 o - 2 potions of cancellation
 p - 5 potions of invisibility
 r - 4 potions of resistance
 t - 17 potions of curing
 C - 8 potions of mutation
 D - 7 potions of enlightenment
 I - 4 potions of brilliance
 P - a potion of magic
 W - 4 potions of ambrosia
 Z - 4 potions of lignification
Miscellaneous
 h - a phantom mirror
 x - a tin of tremorstones (2/2)


   Skills:
 + Level 22.5 Fighting
 - Level 9.9 Staves
 - Level 11.1 Armour
 - Level 19.9 Dodging
 - Level 3.3 Stealth
 + Level 23.8 Spellcasting
 + Level 21.9 Conjurations
 - Level 2.2 Necromancy
 - Level 6.6 Translocations
 - Level 23.3 Ice Magic
 + Level 21.8 Air Magic
 - Level 2.2 Alchemy
 - Level 13.3 Invocations
 - Level 6.6 Evocations
 * Level 8.5 Shapeshifting


You had 4 spell levels left.
You knew the following spells:

 Your Spells              Type           Power      Damage    Failure   Level
a - Passage of Golubria   Tloc           77%        N/A       1%          4
b - Blink                 Tloc           100%       N/A       1%          2
c - Ozocubu's Armour      Ice            100%       N/A       0%          3
g - Apportation           Tloc           100%       N/A       1%          1
h - Summon Ice Beast      Ice/Summ       100%       N/A       0%          3
l - Lesser Beckoning      Tloc           100%       N/A       1%          2
m - Sublimation of Blood  Necr           58%        N/A       1%          2
o - Ozocubu's Refrigerat  Ice            73%        4d23      1%          7
r - Frozen Ramparts       Ice            100%       1d16      0%          3
s - Sculpt Simulacrum     Ice/Alch       59%        N/A       1%          6
v - Vhi's Electric Charg  Tloc/Air       100%       N/A       1%          4
x - Irradiate             Conj/Alch      47%        3d27      1%          5
z - Freeze                Ice            100%       1d10      0%          1
L - Chain Lightning       Conj/Air       59%        3d79      9%          9
M - Maxwell's Capacitive  Air            59%        ∞         1%          8
V - Polar Vortex          Ice            73%        12d9*     4%          9

Your spell library contained the following spells:

 Spells                   Type           Power      Damage    Failure   Level
 Kiss of Death            Conj/Necr      100%       2d13      0%          1
 Magic Dart               Conj           100%       1d8       0%          1
 Sting                    Conj/Alch      100%       1d9       0%          1
 Ensorcelled Hibernation  Hex/Ice        100%       N/A       0%          2
 Mercury Vapours          Alch/Air       100%       N/A       0%          2
 Momentum Strike          Conj/Tloc      100%       3d10      0%          2
 Static Discharge         Conj/Air       100%       3-8/arc   0%          2
 Hailstorm                Conj/Ice       100%       3d16      0%          3
 Mephitic Cloud           Conj/Alch/Air  100%       N/A       0%          3
 Airstrike                Air            59%        2d(9-25)  0%          4
 Necrotise                Necr           100%       1d9       1%          1
 Summon Small Mammal      Summ           100%       N/A       1%          1
 Call Imp                 Summ           90%        N/A       1%          2
 Cigotuvi's Dreadful Rot  Necr/Alch/Air  100%       N/A       1%          2
 Jinxbite                 Hex            90%        N/A       1%          2
 Scorch                   Fire           90%        2d8       1%          2
 Call Canine Familiar     Summ           45%        N/A       1%          3
 Confusing Touch          Hex            45%        N/A       1%          3
 Fugue of the Fallen      Necr           58%        N/A       1%          3
 Gell's Gravitas          Tloc           77%        N/A       1%          3
 Passwall                 Erth           45%        N/A       1%          3
 Stone Arrow              Conj/Erth      100%       3d13      1%          3
 Teleport Other           Tloc           77%        N/A       1%          3
 Tukima's Dance           Hex            45%        N/A       1%          3
 Vampiric Draining        Necr           58%        2d10      1%          3
 Volatile Blastmotes      Fire/Tloc      100%       2d18      1%          3
 Brom's Barrelling Bould  Conj/Erth      91%        2d10      1%          4
 Dimensional Bullseye     Hex/Tloc       31%        N/A       1%          4
 Flame Wave               Conj/Fire      91%        2d19      1%          4
 Fulminant Prism          Conj/Alch      47%        3d21      1%          4
 Iskenderun's Mystic Bla  Conj/Tloc      100%       2d19      1%          4
 Manifold Assault         Tloc           77%        N/A       1%          4
 Summon Lightning Spire   Summ/Air       91%        N/A       1%          4
 Animate Dead             Necr           58%        N/A       2%          4
 Dispel Undead            Necr           58%        3d21      2%          4
 Anguish                  Hex/Necr       26%        N/A       4%          4
 Ignite Poison            Fire/Alch      52%        N/A       4%          4
 Leda's Liquefaction      Alch/Erth      26%        N/A       4%          4
 Martyr's Knell           Necr/Summ      52%        N/A       4%          4
 Petrify                  Alch/Erth      52%        N/A       4%          4
 Animate Armour           Summ/Erth      90%        N/A       6%          4
 Cause Fear               Hex            22%        N/A       6%          4
 Arcjolt                  Conj/Air       59%        1d69      0%          5
 Freezing Cloud           Conj/Ice/Air   72%        6-21      0%          5
 Iskenderun's Battlesphe  Conj           100%       2d15      0%          5
 Conjure Ball Lightning   Conj/Air       59%        3x3d21    0%          6
 Fireball                 Conj/Fire      45%        3d18      1%          5
 Metabolic Englaciation   Hex/Ice        58%        N/A       1%          5
 Silence                  Hex/Air        45%        N/A       1%          5
 Bombard                  Conj/Erth      45%        9d8       1%          6
 Plasma Beam              Fire/Air       45%        2x1d60    1%          6
 Summon Forest            Summ/Tloc      31%        N/A       4%          5
 Spellforged Servitor     Conj/Summ      45%        N/A       6%          7
 Alistair's Intoxication  Alch           38%        N/A       7%          5
 Curse of Agony           Necr           58%        N/A       7%          5
 Dispersal                Tloc           38%        N/A       7%          6
 Borgnjor's Vile Clutch   Necr/Erth      26%        N/A       12%         5
 Yara's Violent Unravell  Hex/Alch       26%        3d11      12%         5
 Lee's Rapid Deconstruct  Erth           22%        3d13*     19%         5
 Summon Mana Viper        Hex/Summ       45%        N/A       19%         5
 Death Channel            Necr           29%        N/A       36%         6
 Eringya's Noxious Bog    Alch           29%        4d6       36%         6
 Lehudib's Crystal Spear  Conj/Erth      45%        10d11     43%         8
 Summon Cactus Giant      Summ           22%        N/A       69%         6
 Disjunction              Tloc           38%        N/A       96%         8
 Haunt                    Necr/Summ      26%        N/A       98%         7
 Enfeeble                 Hex            22%        N/A       99%         7
 Summon Hydra             Summ           22%        N/A       99%         7
 Borgnjor's Revivificati  Necr           29%        N/A       100%        8
 Discord                  Hex            22%        N/A       100%        8
 Infestation              Necr           29%        N/A       100%        8
 Death's Door             Necr           29%        N/A       100%        9
 Dragon's Call            Summ           22%        N/A       100%        9


Dungeon Overview and Level Annotations

Branches:
Dungeon (15/15)            Temple (1/1) D:5            Lair (5/5) D:8
  Swamp (4/4) Lair:3        Snake (4/4) Lair:2        Slime (5/5) Lair:4
    Orc (2/2) D:9             Elf (3/3) Orc:2        Vaults (5/5) D:14
  Crypt (3/3) Vaults:2       Tomb (0/3) Crypt:3      Depths (4/4) D:15
    Zot (4/5) Depths:4    Desolation (visited)      Gauntlet (visited)

Altars:
Ashenzari
Cheibriados
Dithmenos
Elyvilon
Fedhas
Gozag
Hepliaklqana
Kikubaaqudgha
Makhleb
Nemelex Xobeh
Okawaru
Qazlal
Ru
Sif Muna
Trog
Uskayaw
Vehumet
Wu Jian
Xom
Yredelemnul
Zin
The Shining One
Jiyva

Shops:
Orc:1 *   Orc:2 (:**   Snake:1 =   Snake:4 [::=   Vaults:3 :   Depths:2 :*

Portals:
Hell: Depths:1 Depths:2 Depths:3 Depths:4
Abyss: Depths:3 Depths:4
Pandemonium: Depths:2

Annotations:
Pan Mnoleg


Innate Abilities, Weirdness & Mutations

You are amphibious.
You cover ground slowly.
You can hop long distances.
You have an extended range of vision and can be seen from far away.
Armour fits poorly on your strangely shaped body.
You are dopey. (Int -2)


Message History

Press: ? - help, v - describe, . - travel
Here: a protean progenitor (unusually agile, weak-willed)
The floor.
Okay, then.
Okay, then.
Unknown command.
Okay, then.
Press: ? - help, v - describe, . - travel
Here: a protean progenitor (unusually agile, weak-willed)
The floor.
Unknown command.
Okay, then.
Okay, then.
Unknown command.
You feel much better.
The protean progenitor completely misses you.
The large abomination completely misses you.
A glass eye comes into view.
The protean progenitor completely misses you.
The protean progenitor begs for mercy. x2
Unknown command.
Okay, then.
Unknown command.
Okay, then.
Unknown command.
Okay, then.
Unknown command.
Press: ? - help, v - describe, . - travel
Here: a large abomination (summoned, strong)
The floor.
Unknown command.
Casting: Ozocubu's Armour (safe; 0% risk of failure)
Confirm with . or Enter, or press ? or * to list all spells.
You blink.
The protean progenitor gives up.
The protean progenitor headbutts you.
* * * LOW HITPOINT WARNING * * *
You hear a grinding noise.
The large abomination hits you!!!
You die...

## #...##.X
.....##.X.2[ .#
#....##.CG.C# ..#
##..##..#..#### ...#
####X.#..##..##
.G..#####2..G.##...2#
............X##......#
#.......&X..##...##..4#
#......@G.##...# #...#
#....wC.X.##2..# .3...
#.../..§..###...# .C...
#..│......# ##.... ....
##..*......#
##.3.....G.
##...........#
#..3.....
#.............# #2X....
#.....#####C....#
#....# #.....##
##.....# #..##


You could see Mnoleg, 2 tentacled monstrosities, an eldritch tentacle, a
cacodemon, 4 protean progenitors, a great orb of eyes (summoned), a shadow demon
(fast), 2 glass eyes and 4 large abominations.

Vanquished Creatures
  the Royal Jelly (Slime:5)
  Frederick (Vaults:5)
  3 dread liches
  Khufu (Crypt:3)
  2 orbs of fire
  Tiamat (Zot:1)
  2 pandemonium lords (Pan)
  Mennas (Crypt:2)
  2 juggernauts (Depths:4)
  Sojobo (Vaults:2)
  Josephina (Depths:3)
  Saint Roka (Crypt:2)
  11 Killer Klowns
  A caustic shrike (Zig:7)
  A curse toe (Zot:4)
  10 golden dragons
  Nikola (Elf:1)
  A profane servitor (Crypt:3)
  3 bone dragons
  2 doom hounds (Zot:4)
  A Tzitzimitl (Depths:1)
  An electric golem (Zot:4)
  3 Hell Sentinels (Pan)
  Jorgrun (Orc:1)
  28 tentacled monstrosities
  Grunn (Zot:4)
  5 Ice Fiends
  A walking earthen tome (Depths:3)
  4 titans (Vaults:5)
  A lich (Crypt:3)
  8 quicksilver dragons
  Mlioglotl (Snake:4)
  A walking divine tome (Depths:3)
  19 acid blobs
  2 deep elf master archers (Elf:3)
  A deep elf blademaster (Elf:3)
  An Executioner (Pan)
  11 death cobs
  2 ancient champions
  A thorn hunter (Swamp:4)
  4 sphinxes
  Kirke (Snake:1)
  Gastronok (Orc:1)
  The ghost of Polaczum the Brawler, an adept TrMo of Nemelex Xobeh (Depths:1)
  Agnes (Elf:1)
  13 storm dragons
  6 tengu reavers
  Aizul (Elf:3)
  2 revenants
  10 shadow dragons
  8 rockslimes
  7 draconian monks
  6 fenstrider witches
  4 iron dragons
  Donald (Snake:1)
  2 nagarajas
  5 frost giants
  A nargun (Zig:5)
  9 azure jellies
  10 draconian knights
  6 fire giants
  A daeva (Zig:3)
  15 vault wardens
  2 ghost moths
  15 deep elf sorcerers
  6 draconian shifters
  7 deep elf elementalists (Elf:3)
  3 balrugs
  3 imperial myrmidons (Desolation)
  8 draconian scorchers
  A ghoul (Crypt:3)
  5 spectral caustic shrikes (Depths:2)
  An angel (Zig:3)
  5 formless jellyfish
  2 cacodemons
  5 draconian stormcallers
  6 reapers (Pan)
  2 orc warlords
  21 ironbound preservers
  7 draconian annihilators
  23 very ugly things
  9 stone giants
  7 quicksilver oozes
  2 demonspawn blood saints (Pan)
  A demonspawn corrupter (Pan)
  8 ironbound thunderhulks
  The ghost of DildoBatman the Geomancer, a journeyman FoCj of Gozag (Lair:4)
  Nessos (Lair:4)
  8 deep elf demonologists
  An eleionoma (Swamp:4)
  5 purple draconians
  12 vampire knights
  12 deep elf death magi
  13 black draconians
  20 yellow draconians
  2 halazid warlocks (Desolation)
  4 bunyips
  A demonspawn black sun (Pan)
  Azrael (Elf:2)
  4 lorocyprocas
  21 white draconians
  2 wendigos (Zig:5)
  6 war gargoyles
  12 green draconians
  3 spark wasps
  15 red draconians
  7 deep elf annihilators
  The ghost of Peloso the Fencer, a journeyman MiFi of Okawaru (Lair:2)
  5 dire elephants
  4 green deaths
  5 ettins
  6 eidola
  3 blizzard demons (Pan)
  2 mummy priests (Crypt:3)
  8 ragged hierophants (Desolation)
  A spriggan zombie (Crypt:1)
  3 crystal guardians
  25 jiangshi
  9 fire dragons
  8 great orbs of eyes
  3 entropy weavers
  A shambling mangrove (Swamp:4)
  9 ice dragons
  14 yaktaur captains
  4 salamander tyrants
  14 hydras
  10 deep elf high priests
  14 peacekeepers
  4 rakshasas
  3 servants of whispers (Desolation)
  2 death knights (Crypt:3)
  A fenstrider witch zombie (Crypt:2)
  2 ghost crabs
  A jorogumo (shapeshifter) (Vaults:1)
  32 vault guards
  12 anacondas
  4 hell beasts
  4 ogre magi
  6 alligators
  6 ironbound frosthearts
  31 dancing weapons
  A spriggan air mage (Depths:4)
  2 spriggan skeletons
  2 boulder beetles
  10 centaur warriors
  7 deep troll shamans
  3 tengu warriors
  13 naga warriors
  7 deep troll earth magi
  5 demonic crawlers (Pan)
  5 two-headed ogres
  11 death yaks
  4 orc high priests
  The ghost of Anaz the Zephyrmancer, a novice DgAE (D:8)
  9 vampire magi
  10 hell knights
  6 holy swine (Pan)
  13 naga sharpshooters
  A titan skeleton (Depths:2)
  A hell hog (Depths:1)
  3 occultists
  11 shock serpents
  21 deep elf knights
  13 sun demons (Pan)
  Sonja (D:13)
  11 soul eaters (Pan)
  8 salamander mystics
  6 iron trolls
  2 shadow wraiths (Crypt:3)
  3 skysharks
  11 large abominations
  4 sixfirhies
  33 skeletal warriors
  5 flayed ghosts
  An iron giant zombie (Crypt:1)
  4 goliath frogs
  2 cherubim (Zig:3)
  5 spriggan druids
  10 mana vipers
  4 bog bodies
  3 swamp dragons
  10 naga ritualists
  A mana viper (shapeshifter) (D:15)
  2 shadow demons (Pan)
  A deep troll (shapeshifter) (Depths:3)
  7 arcanists
  38 deep trolls
  2 glowing orange brains (Depths:2)
  9 phantasmal warriors
  13 deep elf archers
  A steelbarb worm (shapeshifter) (Depths:1)
  11 lindwurms
  16 ironbound convokers
  A sphinx simulacrum (Depths:3)
  Pikel (D:8)
  A harpy (shapeshifter) (D:15)
  A harpy (D:14)
  10 necromancers
  36 deep elf pyromancers
  3 wolf spider zombies (D:15)
  37 deep elf zephyrmancers
  A tengu zombie (Vaults:2)
  11 orc knights
  An oklob plant (Lair:3)
  2 will-o-the-wisps
  4 orc sorcerers
  A tengu skeleton (Depths:2)
  A shining eye (Slime:5)
  2 wolf spiders
  3 cyclopes
  39 ugly things
  12 salamanders
  2 manticores
  2 centaur zombies (D:15)
  6 kobold blastminers
  A spectral centaur (Crypt:3)
  A meliai (D:10)
  31 moths of wrath
  3 water nymphs (Zig:4)
  32 black mambas
  A rust devil (Depths:1)
  8 cane toads
  7 gargoyles
  8 guardian serpents
  3 eyes of devastation
  16 smoke demons
  A torpor snail (Zig:1)
  14 elephants
  2 storm dragon simulacra (Depths:3)
  26 naga magi
  A molten gargoyle (Desolation)
  13 vault sentinels
  2 hellions (Pan)
  An unseen horror (D:11)
  9 orange demons
  A rime drake (shapeshifter) (Elf:1)
  2 rime drakes (Lair:2)
  An alligator snapping turtle zombie (Crypt:1)
  An iron troll zombie (Crypt:2)
  6 freezing wraiths
  A yaktaur (shapeshifter) (Elf:3)
  Jeremiah (D:9)
  An efreet (D:14)
  31 yaktaurs
  2 kobold demonologists (D:9)
  12 komodo dragons
  7 guardian mummies (Crypt:3)
  10 tormentors (Pan)
  8 tengu conjurers
  A spark wasp simulacrum (Depths:2)
  A redback zombie (D:15)
  2 red devils (Pan)
  A polar bear (shapeshifter) (D:14)
  A harpy zombie (Crypt:1)
  14 human skeletons (Vaults:2)
  3 trolls
  3 hellwings
  A spectral harpy (Crypt:3)
  3 bloated husks
  3 polar bears
  48 saltlings (Desolation)
  16 hornets
  A merfolk (Zig:4)
  A moth of wrath zombie (Crypt:1)
  A harpy skeleton (Crypt:1)
  3 glass eyes
  Grinder (D:4)
  8 blink frogs
  4 tyrant leeches
  A tarantella (Vaults:1)
  An iron dragon simulacrum (Depths:3)
  54 slime creatures
  A snapping turtle (Zig:4)
  2 dream sheep (Zig:7)
  A meliai zombie (D:15)
  A dire elephant simulacrum (Crypt:1)
  8 shadows
  2 spriggans (shapeshifter) (Elf:1)
  2 ynoxinuls
  3 wyverns
  9 wraiths
  52 yaks
  6 vampires
  2 air elementals
  An ettin skeleton (Crypt:2)
  5 hogs (Snake:1)
  3 water elementals (Elf:2)
  7 fire elementals (Elf:2)
  2 redbacks (Vaults:2)
  11 spriggans
  A wind drake zombie (Crypt:2)
  5 basilisks
  5 wargs
  2 humans (shapeshifter)
  2 black mamba skeletons
  11 golden eyes
  15 vampire mosquitoes
  8 neqoxecs
  A steam dragon (D:10)
  An alligator snapping turtle simulacrum (Crypt:1)
  A harpy simulacrum (Crypt:1)
  14 swamp worms
  10 chaos spawn
  A two-headed ogre zombie (Crypt:3)
  50 nagas
  17 water moccasins
  5 acid dragons
  A fire bat skeleton (Crypt:1)
  3 hell hounds
  A hornet zombie (Crypt:2)
  30 orc warriors
  A sky beast (D:7)
  3 black bears
  29 laughing skulls
  8 ogres
  An ogre (shapeshifter) (D:14)
  2 small abominations (Crypt:3)
  19 centaurs
  12 wolves
  A lemure (D:8)
  A tengu (Lair:5)
  A phantom (D:6)
  A swamp dragon skeleton (Crypt:2)
  2 weeping skulls (Crypt:3)
  A kobold brigand (D:10)
  A human zombie (Vaults:2)
  13 bullfrogs
  3 scorpions
  6 earth elementals
  4 necrophages (Crypt:3)
  A gnoll sergeant (D:8)
  6 wights
  2 cane toad simulacra (Lair:2)
  4 burial acolytes (Crypt:3)
  A cyclops skeleton (Crypt:2)
  A polar bear zombie (Crypt:1)
  An elephant simulacrum (Lair:2)
  2 killer bees (D:8)
  17 howler monkeys
  2 jellies
  10 orc priests
  2 bombardier beetles
  2 hounds (D:5)
  A sleepcap (D:7)
  Ijyb (D:3)
  3 gnoll boudas (D:5)
  6 iguanas
  13 orc wizards
  A crocodile skeleton (Crypt:2)
  A hound skeleton (Crypt:1)
  Robin (D:4)
  15 gnolls
  6 adders
  2 shadow imps
  10 white imps
  2 ufetubi (D:6)
  A lava snake zombie (Crypt:2)
  A dart slug (D:5)
  3 ribbon worms
  50 orcs
  8 ball pythons
  6 endoplasms
  A giant cockroach (D:4)
  17 goblins
  14 hobgoblins
  6 jackals
  11 kobolds
  3 quokkas
  4 bats
  3 frilled lizards
  6 rats
  A rat zombie (Crypt:1)
  A spectral weapon (Zot:2)
2468 creatures vanquished.

Vanquished Creatures (collateral kills)
  An orc warlord (Orc:1)
  A white draconian (Zot:1)
  A yaktaur captain (Vaults:3)
  2 hydras
  5 vault guards (D:14)
  3 catoblepae (Lair:5)
  A boulder beetle (D:14)
  8 death yaks (Lair:5)
  A naga warrior (Snake:4)
  A two-headed ogre (D:10)
  A tengu warrior (Gauntlet)
  Urug (Orc:1)
  A deep elf knight (Elf:1)
  3 skeletal warriors
  2 deep elf pyromancers
  3 ugly things (D:14)
  4 deep elf zephyrmancers (Elf:1)
  2 manticores (Lair:5)
  An orc sorcerer (Orc:1)
  2 salamanders
  9 elephants
  A naga mage (Snake:2)
  3 cane toads
  A rime drake (Lair:2)
  2 komodo dragons (Lair:5)
  A troll (D:14)
  3 polar bears
  A saltling (Desolation)
  4 blink frogs
  A slime creature (D:12)
  2 wraiths (D:10)
  A vampire (D:10)
  A basilisk (Lair:3)
  2 vampire mosquitoes (D:10)
  A wyvern (Lair:2)
  A warg (Orc:2)
  16 yaks
  2 steam dragons
  A swamp worm (Swamp:1)
  A hell hound (Gauntlet)
  7 nagas
  2 water moccasins
  3 orc warriors
  3 wolves
  A black bear (shapeshifter) (D:14)
  An ogre (Orc:1)
  4 kobold brigands
  A scorpion (D:8)
  A killer bee (D:8)
  A howler monkey (D:10)
  2 centaur simulacra (D:8)
  2 gnolls (D:8)
  An orc (D:8)
  2 kobolds
129 creatures vanquished.

Vanquished Creatures (others)
  A shadow wraith (Crypt:3)
  A swamp dragon (Swamp:2)
  A slime creature (Vaults:2)
  A water elemental (Elf:2)
  A chaos spawn (Pan)
  A naga (Snake:4)
  2 foxfires (Swamp:3)
8 creatures vanquished.

Grand Total: 2605 creatures vanquished

Notes
Turn   | Place    | Note
-------+----------+-------------------------------------------
     0 | D:1      | RepoMan the Barachi Ice Elementalist began the quest for
                  | the Orb.
     0 | D:1      | Reached XP level 1. HP: 13/13 MP: 3/3
   116 | D:1      | Reached skill level 5 in Ice Magic
   207 | D:1      | Reached XP level 2. HP: 17/19 MP: 3/5
   942 | D:1      | Reached XP level 3. HP: 24/24 MP: 4/6
   946 | D:1      | Learned a level 3 spell: Frozen Ramparts
   949 | D:1      | Learned a level 2 spell: Sublimation of Blood
  1519 | D:2      | Found a hide-covered altar of Uskayaw.
  2037 | D:3      | Reached XP level 4. HP: 14/30 MP: 1/7
  2254 | D:3      | Reached XP level 5. HP: 36/36 MP: 4/9
  2265 | D:3      | Reached skill level 1 in Necromancy
  2337 | D:3      | Found a white marble altar of Elyvilon.
  2429 | D:3      | Learned a level 3 spell: Ozocubu's Armour
  2558 | D:3      | Noticed Ijyb
  2570 | D:3      | Killed Ijyb
  2571 | D:3      | Reached skill level 1 in Fighting
  3493 | D:4      | Reached XP level 6. HP: 44/44 MP: 3/10
  3495 | D:4      | Noticed Robin
  3503 | D:4      | Killed Robin
  3685 | D:4      | Noticed a black bear
  3693 | D:4      | Killed a black bear
  3707 | D:4      | Noticed Grinder
  3792 | D:5      | Entered Level 5 of the Dungeon
  3829 | D:5      | Reached XP level 7. HP: 51/51 MP: 4/11
  4192 | D:4      | Learned a level 3 spell: Summon Ice Beast
  4516 | D:4      | Noticed a two-headed ogre
  4642 | D:5      | Reached XP level 8. HP: 52/60 MP: 9/13
  4738 | D:5      | Reached skill level 1 in Armour
  5233 | D:5      | Found a staircase to the Ecumenical Temple.
  5239 | Temple   | Entered the Ecumenical Temple
  5269 | Temple   | Became a worshipper of Cheibriados the Contemplative
  6255 | D:6      | Reached * piety under Cheibriados
  6297 | D:6      | Reached skill level 5 in Fighting
  6300 | D:6      | Reached XP level 9. HP: 65/68 MP: 2/16
  6316 | D:6      | Reached skill level 5 in Armour
  6538 | D:7      | Reached skill level 5 in Spellcasting
  6614 | D:7      | Reached skill level 1 in Invocations
  6783 | D:7      | Reached ** piety under Cheibriados
  7091 | D:7      | Reached skill level 10 in Ice Magic
  7287 | D:8      | Noticed a hornet
  7294 | D:8      | Killed a hornet
  7376 | D:8      | Reached XP level 10. HP: 76/77 MP: 8/19
  7545 | D:8      | Reached *** piety under Cheibriados
  7758 | D:8      | Noticed Pikel
  7771 | D:8      | Killed Pikel
  7790 | D:8      | Found a transporter.
  7997 | D:8      | Noticed Anaz's ghost (novice DgAE)
  7998 | D:8      | Found a transporter.
  8015 | D:8      | Found a bloodstained altar of Trog.
  8023 | D:8      | Noticed a moth of wrath
  8034 | D:8      | Found a staircase to the Lair.
  8237 | D:8      | Reached skill level 5 in Invocations
  8237 | D:8      | Reached **** piety under Cheibriados
  8416 | D:9      | Noticed a kobold demonologist
  8418 | D:9      | Noticed a rust devil
  8460 | D:8      | Reached XP level 11. HP: 63/89 MP: 12/20
  8560 | D:9      | Noticed Jeremiah
  8576 | D:9      | Killed Jeremiah
  9125 | D:9      | Found a staircase to the Orcish Mines.
  9226 | D:9      | Noticed a sixfirhy
  9542 | D:10     | Entered Level 10 of the Dungeon
  9572 | D:10     | Noticed a two-headed ogre
  9580 | D:10     | Killed a two-headed ogre
  9908 | D:10     | Reached ***** piety under Cheibriados
  9909 | D:10     | Reached skill level 10 in Fighting
 10189 | D:10     | Reached skill level 5 in Dodging
 10467 | D:10     | Noticed a deep elf pyromancer
 10472 | D:10     | Noticed an orc knight
 10477 | D:10     | Killed a deep elf pyromancer
 10596 | D:10     | Noticed a tengu warrior
 10615 | D:10     | Killed a tengu warrior
 10616 | D:10     | Reached XP level 12. HP: 74/99 MP: 2/24
 10619 | D:10     | Noticed a two-headed ogre
 10634 | D:10     | Killed a two-headed ogre
 10744 | D:10     | Noticed an ogre mage
 10759 | D:10     | Killed an ogre mage
 11387 | D:10     | Noticed a two-headed ogre
 11393 | D:10     | Killed a two-headed ogre
 11970 | Lair:1   | Entered Level 1 of the Lair of Beasts
 12058 | Lair:1   | Identified the +0 pair of boots "Fuyshruol" {rF++ Stlth+}
 12170 | Lair:1   | Learned a level 4 spell: Passage of Golubria
 12288 | Lair:1   | Reached skill level 1 in Translocations
 12290 | Lair:1   | Reached skill level 10 in Spellcasting
 12642 | Lair:1   | Gained mutation: You can hop long distances. [Barachi
                  | growth]
 12642 | Lair:1   | Reached XP level 13. HP: 108/108 MP: 19/27
 13060 | Lair:2   | Found a gate leading to a gauntlet.
 13066 | Gauntlet | Entered a Gauntlet
 13066 | Gauntlet | Found a transporter.
 13066 | Gauntlet | Found a transporter.
 13067 | Gauntlet | Found a transporter.
 13072 | Gauntlet | Found a transporter.
 13072 | Gauntlet | Found a transporter.
 13072 | Gauntlet | Found a transporter.
 13105 | Gauntlet | Found a transporter.
 13108 | Gauntlet | Found a transporter.
 13117 | Gauntlet | Found a transporter.
 13133 | Gauntlet | Found a transporter.
 13147 | Gauntlet | Found a transporter.
 13151 | Gauntlet | Found a transporter.
 13351 | Gauntlet | Identified the ring of Furexex {+Blink rElec Dex-2 SInv}
 13527 | Gauntlet | Noticed a minotaur
 13539 | Gauntlet | Identified the -1 tower shield "Zauniumpipp" {rElec rF+
                  | rC-}
 13739 | Lair:2   | Upgraded the game from 0.31.0-11-ge490571c62 to
                  | 0.31.0-12-g77e489cdc1
 13936 | Lair:2   | Reached skill level 5 in Translocations
 14133 | Lair:2   | Found a runed translucent gate.
 14133 | Lair:2   | Found a runed translucent gate.
 14133 | Lair:2   | Found a runed translucent gate.
 14209 | Lair:2   | Reached ****** piety under Cheibriados
 14410 | Lair:2   | Noticed Peloso's ghost (journeyman MiFi)
 14745 | Lair:2   | Found a staircase to the Snake Pit.
 15170 | Lair:3   | Found a staircase to the Swamp.
 15189 | Lair:3   | Identified a scroll of acquirement
 15190 | Lair:3   | Acquired a book of Ice
 15200 | Lair:3   | Learned a level 7 spell: Ozocubu's Refrigeration
 15205 | Lair:3   | Learned a level 4 spell: Vhi's Electric Charge
 15212 | Lair:3   | Learned a level 6 spell: Sculpt Simulacrum
 15339 | Lair:3   | Reached skill level 1 in Alchemy
 15340 | Lair:3   | Reached XP level 14. HP: 108/118 MP: 10/29
 16069 | Lair:4   | Noticed Nessos
 16082 | Lair:4   | Killed Nessos
 16210 | Lair:4   | Found a large runed translucent door.
 16210 | Lair:4   | Found a large runed translucent door.
 16211 | Lair:4   | Noticed DildoBatman's ghost (journeyman FoCj)
 16341 | Lair:4   | Found a viscous altar of Jiyva.
 16341 | Lair:4   | Found a staircase to the Slime Pits.
 16975 | Lair:5   | Entered Level 5 of the Lair of Beasts
 17365 | Lair:5   | Reached skill level 10 in Invocations
 18063 | Lair:5   | Reached skill level 15 in Ice Magic
 18669 | Lair:5   | Reached XP level 15. HP: 83/126 MP: 3/32
 19248 | Lair:5   | Identified the +8 quarterstaff of Death's Door {freeze,
                  | rElec rF++}
 19659 | Orc:1    | Entered Level 1 of the Orcish Mines
 19659 | Orc:1    | Noticed an orc warlord
 19677 | Orc:1    | Reached skill level 1 in Staves
 19683 | Orc:1    | Killed an orc warlord
 19702 | Orc:1    | Noticed Jorgrun
 19778 | Orc:1    | Noticed Urug
 19785 | Orc:1    | Killed Urug
 19841 | Orc:1    | Killed Jorgrun
 19980 | Orc:1    | Found Ahodealoes's General Store.
 19988 | Orc:1    | Noticed Gastronok
 19989 | Orc:1    | Bought a scroll of teleportation for 42 gold pieces
 19989 | Orc:1    | Bought the amulet "Haes" {Reflect rN+ Int+3 SH+5} for 665
                  | gold pieces
 20007 | Orc:1    | Killed Gastronok
 20343 | Orc:2    | Entered Level 2 of the Orcish Mines
 20786 | Orc:2    | Found a staircase to the Elven Halls.
 21474 | Orc:2    | Found Woacw's Book Shoppe.
 21474 | Orc:2    | Found Zothyr's General Store.
 21474 | Orc:2    | Found Jailalen's Assorted Antiques.
 21479 | Orc:2    | Found Irghoyne's Antique Weapon Emporium.
 21486 | Orc:2    | Bought a scroll of poison for 52 gold pieces
 21486 | Orc:2    | Bought a scroll of teleportation for 39 gold pieces
 21486 | Orc:2    | Bought a scroll of fear for 52 gold pieces
 21488 | Orc:2    | Bought a scroll of blinking for 217 gold pieces
 21488 | Orc:2    | Bought a glowing cyan potion for 26 gold pieces
 21488 | Orc:2    | Bought a scroll of identify for 58 gold pieces
 21494 | Orc:2    | Bought a scroll of enchant armour for 217 gold pieces
 21499 | Orc:2    | Bought a fine rapier for 207 gold pieces
 21499 | Orc:2    | Identified the +5 rapier of Jurukk {freeze, Str+3} (You
                  | bought it in a shop on level 2 of the Orcish Mines)
 22455 | D:11     | Identified the +0 leather armour of Chimes {^Contam
                  | *Corrode +Blink SInv}
 23411 | D:13     | Noticed Sonja
 23412 | D:13     | Killed Sonja
 23631 | D:13     | Reached skill level 5 in Staves
 23645 | D:13     | Reached skill level 15 in Fighting
 24386 | D:14     | Reached XP level 16. HP: 86/136 MP: 26/34
 24530 | D:14     | Found a gate to the Vaults.
 24584 | D:14     | Found a hide-covered altar of Uskayaw.
 24703 | D:14     | Found a shimmering blue altar of Sif Muna.
 25110 | D:14     | Reached skill level 15 in Spellcasting
 25381 | D:14     | Learned a level 1 spell: Apportation
 26286 | D:15     | Entered Level 15 of the Dungeon
 27232 | D:15     | Found a staircase to the Depths.
 27935 | Snake:1  | Entered Level 1 of the Snake Pit
 28017 | Snake:1  | Noticed Donald
 28032 | Snake:1  | Killed Donald
 28586 | Snake:1  | Acquired 773 gold pieces
 28751 | Snake:1  | Reached XP level 17. HP: 143/144 MP: 27/36
 28806 | Snake:1  | Found Kiathra's Jewellery Emporium.
 29305 | Snake:1  | Noticed Kirke
 29311 | Snake:1  | Killed Kirke
 32072 | Snake:4  | Entered Level 4 of the Snake Pit
 32198 | Snake:4  | Noticed Mlioglotl
 32207 | Snake:4  | Killed Mlioglotl
 32208 | Snake:4  | Reached XP level 18. HP: 109/153 MP: 0/38
 32571 | Snake:4  | Found Osebb's Superior Scales.
 33779 | Snake:4  | Learned a level 9 spell: Polar Vortex
 34126 | Snake:4  | Got a serpentine rune of Zot
 34193 | Snake:4  | Found Jouheschu's Jewellery Shop.
 34195 | Snake:4  | Found Esseuhyv's Book Shoppe.
 34195 | Snake:4  | Found Kudalex's Book Shoppe.
 34201 | Snake:4  | Bought a book of Spatial Translocations for 216 gold pieces
 34204 | Snake:4  | Learned a level 2 spell: Blink
 34525 | Swamp:1  | Entered Level 1 of the Swamp
 35019 | Swamp:1  | Reached skill level 1 in Evocations
 35470 | Swamp:2  | Acquired 667 gold pieces
 36377 | Swamp:3  | Identified the +1 pair of gloves of Negation {rC- rN+ Str+6
                  | SInv}
 37007 | Swamp:4  | Entered Level 4 of the Swamp
 37155 | Swamp:4  | Reached XP level 19. HP: 159/159 MP: 32/40
 37678 | Swamp:4  | Reached skill level 5 in Evocations
 38262 | Swamp:4  | Got a decaying rune of Zot
 38840 | Elf:1    | Entered Level 1 of the Elven Halls
 39081 | Elf:1    | Noticed Agnes
 39083 | Elf:1    | Killed Agnes
 39844 | Elf:1    | Got the Reference Book on Leadership
 40012 | Elf:1    | Noticed Nikola
 40193 | Elf:1    | Reached skill level 1 in Air Magic
 40236 | Elf:1    | Killed Nikola
 41275 | Elf:2    | Identified the +0 ring mail "Ipuc" {rElec rCorr}
 41367 | Elf:2    | Reached XP level 20. HP: 121/168 MP: 22/42
 41386 | Elf:2    | Found a runed translucent gate.
 41386 | Elf:2    | Found a runed translucent gate.
 41386 | Elf:2    | Found a runed translucent gate.
 41386 | Elf:2    | Noticed Azrael
 41897 | Elf:3    | Entered Level 3 of the Elven Halls
 42103 | Elf:3    | Reached skill level 5 in Air Magic
 42930 | Elf:3    | Identified the +4 chain mail "Petol" {Str+4 Dex-4}
 43212 | Elf:3    | Paralysed by an air elemental for 1 turns
 43312 | Elf:3    | Identified the serpent talisman "Peheyn" {Fly rN+ Dex+2}
 43312 | Elf:3    | Noticed Aizul
 43318 | Elf:3    | Killed Aizul
 45202 | Vaults:1 | Entered Level 1 of the Vaults
 45512 | Vaults:1 | Identified the amulet "Qiotreif" {Reflect Harm Rampage
                  | ^Drain Will+ SH+5}
 45787 | Vaults:1 | Reached XP level 21. HP: 136/178 MP: 17/44
 46287 | Vaults:1 | Got the Codex of Arctic Shadows
 46609 | Vaults:1 | Reached skill level 10 in Air Magic
 47359 | Vaults:2 | Found a flickering gateway to a bazaar.
 47369 | Bazaar   | Entered a bazaar
 47369 | Bazaar   | Found Beysicsar's Distillery.
 47369 | Bazaar   | Found Meonlig's Magic Scroll Shop.
 47369 | Bazaar   | Found Beguetitt's Magic Scroll Shoppe.
 47370 | Bazaar   | Found Meisky's Book Shop.
 47376 | Bazaar   | Bought a scroll of blinking for 120 gold pieces
 47403 | Bazaar   | Bought a scroll of enchant armour for 67 gold pieces
 47403 | Bazaar   | Bought a scroll of identify for 18 gold pieces
 47403 | Bazaar   | Bought a scroll of identify for 18 gold pieces
 47403 | Bazaar   | Bought a scroll of revelation for 67 gold pieces
 47403 | Bazaar   | Bought a scroll of fear for 36 gold pieces
 47429 | Bazaar   | Bought a potion of heal wounds for 65 gold pieces
 47429 | Bazaar   | Bought a potion of heal wounds for 65 gold pieces
 47429 | Bazaar   | Bought a potion of curing for 39 gold pieces
 47429 | Bazaar   | Bought a potion of curing for 39 gold pieces
 47429 | Bazaar   | Bought a potion of heal wounds for 65 gold pieces
 47429 | Bazaar   | Bought a potion of ambrosia for 104 gold pieces
 47433 | Bazaar   | Bought a scroll of summoning for 152 gold pieces
 47472 | Vaults:2 | Found a crumbling gateway.
 47485 | Desolati | Entered the Desolation of Salt
 47592 | Desolati | Identified the amulet "Notawk" {Spirit rF+ Str+3}
 47739 | Desolati | Identified the ring of Seloawk {Ice rElec rN++}
 47751 | Desolati | Identified the ring of Zautan {rPois rF- Will+ rCorr Str+3}
 48007 | Desolati | Learned a level 2 spell: Lesser Beckoning
 48032 | Desolati | Identified the ring of Ciegeoja {rF+ rN+ rCorr}
 48072 | Desolati | Got Humum's Quarto of Misery
 48083 | Desolati | Got the Papyrus of Rallying
 48181 | Desolati | Identified the staff of the Resonant God {rPois rC+ rN+
                  | Conj}
 48815 | Vaults:2 | Noticed Sojobo
 49098 | Vaults:2 | Learned a level 8 spell: Maxwell's Capacitive Coupling
 49110 | Vaults:2 | Found a staircase to the Crypt.
 49408 | Vaults:2 | Reached XP level 22. HP: 190/190 MP: 31/45
 49741 | Vaults:2 | Killed Sojobo
 49840 | Vaults:2 | Identified the ring "Daroute" {Fly rF+ rCorr Str+2 Stlth-}
 49859 | Vaults:2 | Found a transporter.
 50003 | Vaults:2 | You fall into a shaft and drop 2 floors!
 50884 | Vaults:4 | Got the Elucidation of Intuition
 50893 | Vaults:4 | Learned a level 5 spell: Irradiate
 51702 | Vaults:3 | Reached skill level 15 in Air Magic
 51736 | Vaults:3 | Identified the +5 broad axe of Xom's Felicitations
                  | {protect, rC+ Str+3 Int+2 Stlth+}
 51920 | Vaults:3 | Found Taosiang's Book Boutique.
 52586 | Vaults:2 | Found a transporter.
 52637 | Crypt:1  | Entered Level 1 of the Crypt
 53012 | Crypt:1  | Reached skill level 1 in Conjurations
 53014 | Crypt:1  | Reached skill level 10 in Dodging
 53460 | Crypt:1  | Found the +8 Vampire's Tooth {megavamp}
 54121 | Crypt:2  | Noticed Saint Roka
 54146 | Crypt:2  | Killed Saint Roka
 54463 | Crypt:2  | Reached XP level 23. HP: 175/200 MP: 21/47
 54611 | Crypt:2  | Noticed Mennas
 54630 | Crypt:2  | Killed Mennas
 55134 | Crypt:3  | Entered Level 3 of the Crypt
 55628 | Crypt:3  | Found a basalt altar of Yredelemnul.
 56110 | Crypt:3  | Reached skill level 5 in Conjurations
 56390 | Crypt:3  | Identified the +7 arbalest of the Lamprey {penet, rPois
                  | Int+3 Dex+2}
 56668 | Crypt:3  | Identified the +0 quarterstaff of Grandeur {heavy, +Blink
                  | rF- Str+2}
 56668 | Crypt:3  | Noticed Khufu
 57061 | Crypt:3  | Got Kikubaaqudgha's Secrets of Mortification
 57133 | Crypt:3  | Killed Khufu
 57292 | Crypt:3  | Found a staircase to the Tomb.
 57347 | Crypt:3  | Identified the +8 shortbow "Xoataqir" {flame, *Corrode rC-
                  | rN+ Dex+8}
 57412 | Crypt:3  | Identified the +6 mace "Wesisucu" {holy, rN+ Str+3}
 57898 | Slime:1  | Entered Level 1 of the Pits of Slime
 57902 | Slime:1  | Paralysed by a formless jellyfish for 1 turns
 58265 | Slime:5  | Entered Level 5 of the Pits of Slime
 58722 | Slime:4  | Reached XP level 24. HP: 203/208 MP: 37/48
 58784 | Slime:5  | Noticed the Royal Jelly
 58827 | Slime:5  | Killed the Royal Jelly
 58851 | Slime:5  | Found the +8 trident of the Octopus King {venom, rElec
                  | rPois}
 58859 | Slime:5  | Identified the +8 sling of the Glimmering Gods {drain,
                  | rElec Int-4 Dex+4}
 58865 | Slime:5  | Identified the +5 war axe "Demonbane" {antimagic, rF+
                  | Stlth+}
 58882 | Slime:5  | Got the Teachings on Excavation and Breath
 58901 | Slime:5  | Identified the staff of the Healing Gods {rElec rC- rN+
                  | Int+3 Air Earth}
 58914 | Slime:5  | Got a slimy rune of Zot
 58955 | Slime:5  | Identified the ring "Garhet" {+Blink MP+9}
 58975 | Slime:5  | Identified the ring "Wyqiocsu" {rPois rF+}
 58987 | Slime:5  | Identified the +1 plate armour of the Mpinguari {+Blink
                  | rPois Int+6 Dex-5}
 58995 | Slime:5  | Identified the +1 leather armour "Miluif Aweadgh" {Harm
                  | Str+3 Int-5 Stlth+}
 59391 | Depths:1 | Entered Level 1 of the Depths
 59758 | Depths:1 | Found a gateway to Hell.
 59883 | Depths:1 | Found a one-way gateway to a ziggurat.
 60273 | Depths:1 | Found a runed translucent gate.
 60273 | Depths:1 | Found a runed translucent gate.
 60273 | Depths:1 | Found a runed translucent gate.
 60273 | Depths:1 | Noticed Polaczum's ghost (adept TrMo)
 60513 | Depths:2 | Found Ybleneun's Book Emporium.
 60514 | Depths:2 | Found Zuybi's Assorted Antiques.
 60523 | Depths:2 | Bought a potion of heal wounds for 195 gold pieces
 60523 | Depths:2 | Bought a potion of brilliance for 156 gold pieces
 60549 | Depths:2 | Reached skill level 10 in Conjurations
 60595 | Depths:2 | Found a flickering gateway to a bazaar.
 60610 | Bazaar   | Entered a bazaar
 60610 | Bazaar   | Found Wuucovvi's Antique Armour Shoppe.
 60610 | Bazaar   | Found Myruir's Antique Weapon Shoppe.
 60611 | Bazaar   | Found Lezucun's Book Boutique.
 60638 | Bazaar   | Found Atoub's General Store.
 60646 | Bazaar   | Found Guorul's Distillery.
 60677 | Bazaar   | Bought a masterwork mace for 152 gold pieces
 60677 | Bazaar   | Identified the +5 mace "Egeizoel" {freeze, Will+ MP+9 Int+3
                  | Stlth+} (You bought it in a shop in a bazaar)
 60685 | Bazaar   | Bought a distressingly furry scarf for 300 gold pieces
 60685 | Bazaar   | Identified the scarf "Wumniyb" {rC+ rF+, Will+ Dex+2} (You
                  | bought it in a shop in a bazaar)
 60719 | Bazaar   | Bought a potion of experience for 400 gold pieces
 60721 | Bazaar   | Reached XP level 25. HP: 214/214 MP: 48/48
 60731 | Bazaar   | Bought a potion of lignification for 27 gold pieces
 60731 | Bazaar   | Bought a potion of enlightenment for 45 gold pieces
 60731 | Bazaar   | Bought a potion of mutation for 72 gold pieces
 60731 | Bazaar   | Bought a potion of cancellation for 72 gold pieces
 60731 | Bazaar   | Bought a potion of lignification for 27 gold pieces
 60731 | Bazaar   | Bought 2 potions of invisibility for 144 gold pieces
 60731 | Bazaar   | Bought a potion of lignification for 27 gold pieces
 60820 | Depths:2 | Found a one-way gate leading to the halls of Pandemonium.
 60825 | Depths:2 | Gained mutation: You are dopey. (Int -2) [a cacodemon]
 61789 | Depths:3 | Identified the staff of the Charming Seeker {rF- rC+ Str-4
                  | Int+8 Ice Air}
 61789 | Depths:3 | Identified the ring of the Jolly Prophets {Ice *Slow Slay+6
                  | SInv Stlth+}
 61789 | Depths:3 | Noticed Josephina
 61801 | Depths:3 | Killed Josephina
 61921 | Depths:3 | Found an ancient bone altar of Kikubaaqudgha.
 62106 | Depths:3 | Found a one-way gate to the infinite horrors of the Abyss.
 62488 | Depths:3 | Reached XP level 26. HP: 169/222 MP: 42/48
 62554 | Depths:4 | Entered Level 4 of the Depths
 62792 | Depths:4 | Noticed a juggernaut
 62796 | Depths:4 | Killed a juggernaut
 62882 | Depths:4 | Noticed a juggernaut
 62887 | Depths:4 | Killed a juggernaut
 63025 | Depths:4 | Found a gate to the Realm of Zot.
 63526 | Zot:1    | Entered Level 1 of the Realm of Zot
 63556 | Zot:1    | Reached skill level 15 in Dodging
 63558 | Zot:1    | Found the +4 dragonskin cloak
 63558 | Zot:1    | Noticed Tiamat
 64125 | Zot:1    | Reached skill level 15 in Conjurations
 64126 | Zot:1    | Killed Tiamat
 65038 | Zot:2    | Noticed a Killer Klown
 65042 | Zot:2    | Noticed a Killer Klown
 65043 | Zot:2    | Noticed a Killer Klown
 65048 | Zot:2    | Noticed a Killer Klown
 65048 | Zot:2    | Noticed a dread lich
 65050 | Zot:2    | Noticed a Killer Klown
 65099 | Zot:2    | Noticed a Killer Klown
 65100 | Zot:2    | Noticed a Killer Klown
 65101 | Zot:2    | Noticed a Killer Klown
 65277 | Zot:2    | Killed a Killer Klown
 65280 | Zot:2    | Killed a Killer Klown
 65280 | Zot:2    | Killed a Killer Klown
 65281 | Zot:2    | Reached XP level 27. HP: 175/228 MP: 4/48
 65390 | Zot:2    | Killed a dread lich
 66080 | Zot:3    | Identified the +9 halberd of Judeots {pain, rPois rC++
                  | Will- Int-2}
 66132 | Zot:3    | Learned a level 9 spell: Chain Lightning
 66951 | Zot:3    | Noticed an orb of fire
 66955 | Zot:3    | Killed an orb of fire
 68560 | Zot:4    | Noticed Grunn
 68564 | Zot:4    | Killed Grunn
 68861 | Zot:4    | Noticed an orb of fire
 68865 | Zot:4    | Killed an orb of fire
 69607 | Vaults:5 | Entered Level 5 of the Vaults
 69610 | Vaults:5 | Identified the orb "Unweajac" {light, +Blink Str+4}
 69610 | Vaults:5 | Noticed Frederick
 69613 | Vaults:5 | Killed Frederick
 69697 | Vaults:5 | Noticed a dread lich
 69705 | Vaults:5 | Killed a dread lich
 70035 | Vaults:5 | Identified the +2 leather armour of Kuacve {Int+5}
 70118 | Vaults:5 | Noticed a dread lich
 70128 | Vaults:5 | Killed a dread lich
 70277 | Vaults:5 | Identified the ring of Getubbaof {AC+4 Str+6}
 70307 | Vaults:5 | Got a silver rune of Zot
 70570 | Vaults:5 | Identified the +1 halberd of Zin {flame, Will+}
 70738 | Vaults:5 | Found the +3 pair of mountain boots {steadfast, rC+}
 70748 | Vaults:5 | Identified the +1 ring mail of Bad Feelings {rPois Str+3
                  | Dex+4}
 70958 | Vaults:5 | Reached skill level 1 in Shapeshifting
 70988 | Vaults:5 | Identified the ring "Boqoyck" {rF+ Int+5}
 71539 | Zig:1    | Entered Level 1 of a ziggurat
 71554 | Zig:2    | Entered Level 2 of a ziggurat
 71566 | Zig:2    | Identified the ring "Ruextorcher" {Ice rElec}
 71581 | Zig:3    | Entered Level 3 of a ziggurat
 71675 | Zig:4    | Entered Level 4 of a ziggurat
 71705 | Zig:5    | Entered Level 5 of a ziggurat
 71724 | Zig:5    | Identified the +3 leather armour "Sooqie" {Will- Dex+5}
 71733 | Zig:6    | Entered Level 6 of a ziggurat
 71783 | Zig:7    | Entered Level 7 of a ziggurat
 71793 | Zig:7    | Reached skill level 10 in Armour
 71819 | Zig:7    | Got the Papyrus of the Congregation and Reagents
 71941 | Depths:1 | Killed Polaczum's ghost
 72855 | Elf:2    | Killed Azrael
 72870 | Elf:2    | Reached skill level 5 in Shapeshifting
 73457 | Lair:2   | Killed Peloso's ghost
 73470 | Lair:2   | Identified the +8 broad axe "Enkocoir" {elec, ^Contam rN+++
                  | Will- rCorr}
 73612 | Lair:4   | Killed DildoBatman's ghost
 73730 | D:8      | Killed Anaz's ghost
 74089 | D:4      | Killed Grinder
 74517 | Pan      | Entered Pandemonium
 74525 | Pan      | Noticed Nuucraul the pandemonium lord
 74530 | Pan      | Killed Nuucraul the pandemonium lord
 75527 | Pan      | Noticed Hytuarai the pandemonium lord
 75531 | Pan      | Killed Hytuarai the pandemonium lord
 76355 | Pan      | Noticed Tolycois the pandemonium lord
 76359 | Pan      | Entered the realm of Mnoleg.
 76359 | Pan      | Noticed Mnoleg
 76360 | Pan      | Gained mutation: Armour fits poorly on your strangely
                  | shaped body. [a neqoxec]
 76379 | Pan      | Annihilated by a large abomination

Illustrated notes

Levels and vault maps discovered:
D:1:      ncdulo_wetmaze, layout_basic
D:2:      layout_loops_ring, basic_altar
D:3:      layout_basic, nicolae_elyvilon_peaceful_grove, uniq_ijyb
D:4:      layout_layer_cave, nicolae_letterblocks [nicolae_letter_subblock,
          nicolae_letter_subblock, nicolae_letter_subblock,
          nicolae_letter_subblock, nicolae_letter_subblock,
          nicolae_letter_subblock, nicolae_letter_subblock,
          nicolae_letter_subblock, nicolae_letter_subblock,
          nicolae_letter_subblock, nicolae_letter_subblock,
          nicolae_letter_subblock, nicolae_letter_subblock,
          nicolae_letter_subblock, nicolae_letter_subblock,
          nicolae_letter_subblock, nicolae_letter_subblock,
          nicolae_letter_subblock, nicolae_letter_subblock,
          nicolae_letter_subblock, nicolae_letter_subblock,
          nicolae_letter_subblock, nicolae_letter_subblock,
          nicolae_letter_subblock, nicolae_letter_subblock], uniq_grinder,
          uniq_robin
D:5:      cheibrodos_fzero, layout_loops_corners,
          minmay_temple_entry_butterflies
D:6:      minmay_chambers_of_threes, layout_rooms, corexii_leaking_fountain
D:7:      layout_basic, serial_rivers, chequers_serial_rivers_large_a,
          chequers_serial_rivers_micro_c, chequers_serial_rivers_micro_e,
          chequers_serial_rivers_micro_d, minmay_crystal_water
D:8:      layout_basic, grunt_lair_entry_orc_guard_hut,
          gammafunk_ghost_wrathful_warriors, serial_ice, serial_ice_o,
          serial_ice_e, serial_ice_b, serial_ice_c, serial_ice_g,
          minmay_manual_moon, uniq_pikel
D:9:      layout_irregular_city, david_orc_3, uniq_jeremiah
D:10:     minmay_the_grid_4x2 [minmay_the_grid_embedded, minmay_the_grid_box_x,
          minmay_the_grid_small_cups, minmay_the_grid_empty, minmay_the_grid_x,
          minmay_the_grid_doors, minmay_the_grid_minigrid_small,
          minmay_the_grid_prize_four_corners], layout_basic, lemuel_flame_loot_1
D:11:     layout_roguey, grunt_ministairs_2, st_stairs_14
D:12:     layout_loops_ring
D:13:     layout_basic, uniq_sonja
D:14:     minmay_connected_boxes_in_corner, layout_loops_ring, erik_vaults_2,
          hellmonk_sif_muna_bookshelves, eat_drink_and_be_merry_uskayaw
D:15:     hangedman_depths_entry_try_elsewhere_first, layout_rooms,
          serial_undead, serial_undead_e, serial_undead_e, serial_undead_c,
          serial_undead_f, serial_undead_e, serial_undead_e, serial_undead_b,
          serial_undead_f, chequers_serial_rivers_small_b
Temple:   minmay_crystal_snake_temple
Lair:1:   layout_regular_city
Lair:2:   layout_small_grid, nicolae_snake_entry_squirm,
          portal_ice_cave_entry_ice_simulacra, gauntlet_entry_generic,
          gammafunk_ghost_hydra_chop
Lair:3:   layout_gridlike, swamp_mist, infiniplex_staircase_pool,
          grunt_megastairs_1
Lair:4:   layout_cave_pods, slime_entry_1, ebering_ghost_disaster_area,
          lemuel_fruit_tree, uniq_nessos
Lair:5:   evilmike_catoblepas_cave, layout_regular_city, st_stairs_6,
          grunt_megastairs_5
Swamp:1:  layout_basic_swamp, evilmike_swamp_ruin_house_1
Swamp:2:  layout_basic_swamp, nicolae_swamp_reclaimed_castle, swamp_pool_1_2
Swamp:3:  layout_basic_swamp, hangedman_swamp_lotus
Swamp:4:  nzn_swamp_witches_coven, layout_basic_swamp, lightli_tree_ring
Snake:1:  layout_onion_interference, grunt_megastairs_3, minmay_shop_star,
          uniq_donald, uniq_kirke
Snake:2:  layout_grid_shapes, serial_bayou_shore_b, grunt_megastairs_2
Snake:3:  layout_cave_town, st_stairs_3
Snake:4:  snake_pit, layout_misc_corridors, drop_trap, hellmonk_scale_shop,
          minmay_shop_grove, uniq_mlioglotl
Slime:1:  layout_caves
Slime:2:  layout_caves
Slime:3:  layout_caves
Slime:4:  layout_caves
Slime:5:  slime_pit_nicolae_amoeboid
Orc:1:    layout_caves, serial_shops, nicolae_shop_hallway_plus, uniq_urug,
          uniq_gastronok, uniq_jorgrun
Orc:2:    st_orc_rangers, layout_caves
Elf:1:    eino_elf_arrival_customs, layout_geoelf_grid, minmay_elf_demonology,
          grunt_megastairs_4, uniq_agnes, uniq_nikola
Elf:2:    nicolae_elf_blades_crystal_corner, layout_geoelf_diagonals,
          hex_intersection, hangedman_corner_corridor, uniq_azrael
Elf:3:    nooodl_elf_gasket, layout_geoelf_octagon, uniq_aizul
Vaults:1: hangedman_vaults_restitches, nicolae_vaults_storage_room_water,
          v_misc_18, v_misc_8, nicolae_vaults_surprise_closet_hard, v_misc_18,
          nicolae_vaults_network_star, nicolae_vaults_circle_grid_b,
          ontoclasm_vaults_shuriken, layout_vaults_omnicross
Vaults:2: portal_desolation_entry_twin_temple,
          minmay_crypt_entry_simple_corners, gammafunk_the_bubble
          [the_bubble_gammafunk_split], nicolae_vaults_trapezoid_lopsided_3,
          nicolae_vaults_yaktaur_gun_rack, v_misc_13, dpeg_vaults_monster_row,
          vaults_dpeg_emergency_exit, ontoclasm_vaults_gateway,
          layout_vaults_chaotic_city, serial_shops, freezing_bzr, uniq_sojobo
Vaults:3: nicolae_vaults_closet_pinwheel_3, vaults_room_ringed_pool,
          nicolae_vaults_little_squares_4, vaults_room_door_ring,
          nicolae_vaults_surprise_closet, vaults_room_pool,
          layout_vaults_omnigrid, serial_shops, nicolae_shop_mannequins
Vaults:4: hangedman_vaults_restitches, v_misc_22, v_alt_pattern_2,
          nicolae_vaults_quadrants, nicolae_vaults_closet_pinwheel_2,
          vaults_mumra_hexcomb, nicolae_vaults_sightless_eye, v_misc_3,
          nicolae_vaults_little_squares_3, v_misc_13, layout_vaults_omnibox
Vaults:5: uniq_frederick
Crypt:1:  layout_rooms, hex_intersection, minmay_guarded_unrand_vampires_tooth,
          grunt_crypt_arrival_webbed
Crypt:2:  layout_chaotic_city, nicolae_crypt_niches, fountainhead, uniq_mennas,
          uniq_saint_roka
Crypt:3:  grunt_crypt_end_deaths_head
Depths:1: layout_twisted_cross, enter_ziggurat_a,
          biasface_ghost_demon_polymorph, minmay_misc_feat_encased,
          grunt_mini_vestibule, nicolae_titane
Depths:2: evilmike_inaccessible_box, layout_basic, pf_hell_entry_tar_river,
          serial_shops, bzr_entry_gold, rand_demon_pan_entry_1,
          hangedman_decor_push, infiniplex_staircase_pool_2, minmay_shoptagon
Depths:3: minmay_diamond_stairs, layout_gridlike, kiku_gazebo_pond_becter,
          grunt_hell_entry_dis_mu, hangedman_abyss_entry_splay,
          kennysheep_generic_room_12, minmay_staircase_windowed_small,
          uniq_josephina
Depths:4: grunt_twist_and_shout, layout_gridlike, abyss_entry, hell_entry
Zot:1:    layout_misc_corridors, uniq_tiamat
Zot:2:    ebering_klown_carousel, layout_gridville
Zot:3:    layout_gridlike
Zot:4:    grunt_zot_stairs_mandelzot, layout_basic, regret_index_zotdec_banners,
          uniq_grunn
Pan:      nicolae_pan_diamonds, layout_gridlike, rand_demon_2,
          layout_small_grid, pan_captured_pigsty, evilmike_mini_pan_3x3,
          layout_gridville, evilmike_mnoleg_eyes, layout_small_grid,
          pan_blood_fountain_small

Skill      XL: |  1  2  3  4  5  6  7  8  9 10 11 12 13 14 15 16 17 18 19 20 21 22 23 24 25 26 27 |
---------------+----------------------------------------------------------------------------------+-----
Ice Magic      | 5 6 7 8 9 10 11 13 15 17 18 19 22 23 | 23.3
Necromancy     | 1 2 |  2.2
Fighting       | 1 2 3 5 6 9 10 12 13 14 15 16 17 18 20 21 22 | 22.5
Spellcasting   | 3 4 6 8 10 11 13 14 15 16 17 18 19 20 21 23 | 23.8
Dodging        | 3 4 5 7 9 10 12 13 14 16 19 | 19.9
Armour         | 4 6 11 | 11.1
Invocations    | 2 5 7 8 9 10 11 12 13 | 13.3
Translocations | 2 6 |  6.6
Alchemy        | 1 2 |  2.2
Staves         | 5 8 9 |  9.9
Evocations     | 4 6 |  6.6
Air Magic      | 3 9 13 15 18 19 21 | 21.8
Conjurations   | 3 7 10 12 16 21 | 21.9
Stealth        | 3 |  3.3
Shapeshifting  | 8 |  8.5

Action                     |  1- 3 |  4- 6 |  7- 9 | 10-12 | 13-15 | 16-18 | 19-21 | 22-24 | 25-27 || total
---------------------------+-------+-------+-------+-------+-------+-------+-------+-------+-------++-------
  Melee: Dagger            |     7 |    23 |   126 |   198 |   312 |       |       |       |       ||   666
         Punch             |       |       |     3 |     2 |     8 |       |       |       |       ||    13
         Halberd           |       |       |     1 |       |       |       |       |       |       ||     1
         Flail             |       |       |    12 |       |       |       |       |       |       ||    12
         Spear             |       |       |     8 |       |       |       |       |       |       ||     8
         Scimitar          |       |       |     4 |    20 |       |       |       |       |       ||    24
         Whip              |       |       |       |    18 |       |       |       |       |       ||    18
         Quarterstaff      |       |       |       |       |    58 |   276 |   211 |   407 |   252 ||  1204
  Throw: Stone             |     3 |     3 |     6 |       |       |       |       |       |       ||    12
         Dart              |     1 |    17 |     5 |     7 |    10 |       |     4 |       |     1 ||    45
         Boomerang         |       |       |     4 |     9 |       |       |       |       |       ||    13
         Throwing net      |       |       |       |       |       |     1 |       |     2 |       ||     3
   Cast: Freeze            |    51 |    20 |    26 |    59 |    67 |       |     3 |       |       ||   226
         Frozen Ramparts   |     1 |    16 |    53 |    83 |    90 |    33 |    15 |    20 |     5 ||   316
         Ozocubu's Armour  |       |     8 |    29 |    50 |    70 |    35 |    33 |    90 |    72 ||   387
         Summon Ice Beast  |       |       |     3 |    50 |    78 |    37 |    12 |    16 |     2 ||   198
         Sublimation of Bl |       |       |     1 |       |     1 |       |       |       |       ||     2
         Sculpt Simulacrum |       |       |       |       |    30 |     5 |       |       |       ||    35
         Ozocubu's Refrige |       |       |       |       |    85 |   292 |   280 |   217 |   311 ||  1185
         Vhi's Electric Ch |       |       |       |       |       |     2 |       |     1 |     1 ||     4
         Polar Vortex      |       |       |       |       |       |     2 |    55 |   104 |   150 ||   311
         Apportation       |       |       |       |       |       |     1 |     3 |    11 |    11 ||    26
         Lesser Beckoning  |       |       |       |       |       |       |     1 |    13 |    26 ||    40
         Maxwell's Capacit |       |       |       |       |       |       |       |    14 |    83 ||    97
         Irradiate         |       |       |       |       |       |       |       |     6 |    46 ||    52
         Blink             |       |       |       |       |       |       |       |       |     5 ||     5
         Chain Lightning   |       |       |       |       |       |       |       |       |     4 ||     4
 Invoke: Bend Time         |       |       |       |     2 |     1 |       |       |     1 |       ||     4
         Temporal Distorti |       |       |       |     1 |     5 |       |       |     3 |     7 ||    16
         Slouch            |       |       |       |       |     3 |       |       |       |     4 ||     7
         Step From Time    |       |       |       |       |       |       |     3 |       |     2 ||     5
Ability: Hop               |       |     1 |     2 |     4 |    10 |     1 |    11 |    21 |    19 ||    69
  Evoke: Wand              |       |     3 |     1 |     5 |     9 |     9 |    19 |     6 |    18 ||    70
         Tin of tremorston |       |       |       |       |       |       |     2 |       |     2 ||     4
         Phantom mirror    |       |       |       |       |       |       |       |     1 |     1 ||     2
    Use: Potion            |       |     1 |     1 |     2 |     4 |     1 |    13 |     4 |    26 ||    52
         Scroll            |       |     3 |     4 |     7 |    18 |    10 |    13 |     5 |    20 ||    80
   Stab: Sleeping          |     2 |     2 |       |       |     3 |     1 |     1 |       |     2 ||    11
         Distracted        |       |       |       |     5 |     7 |     1 |     2 |     4 |       ||    19
         Paralysed         |       |       |       |     2 |     6 |       |     3 |       |       ||    11
 Armour: Robe              |    16 |    16 |   118 |   219 |   264 |   193 |   256 |   359 |   147 ||  1588
         Skin              |       |       |       |       |       |       |       |     3 |    17 ||    20
         Quicksilver drago |       |       |       |       |       |       |       |       |   313 ||   313
  Dodge: Dodged            |    21 |    22 |   114 |   298 |   507 |   311 |   261 |   490 |   775 ||  2799
  Block: Other             |       |       |       |       |    14 |    69 |    35 |       |       ||   118
         Reflection        |       |       |       |       |     3 |     6 |     5 |       |       ||    14
